 Dungeon Crawl Stone Soup version 0.21-a0-41-g5e91fef (webtiles) character file.

135 tilp the Firebug (level 4, -1/33 HPs)
             Began as a Draconian Fire Elementalist on June 3, 2017.
             Slain by a gnoll
             ... wielding a +0 spear
              (8 damage)
             ... on level 3 of the Dungeon on June 4, 2017.
             The game lasted 00:10:33 (2565 turns).

tilp the Firebug (Draconian Fire Elementalist)      Turns: 2565, Time: 00:10:34

Health: -1/33      AC:  6    Str: 11    XL:     4   Next: 97%
Magic:  8/8        EV: 12    Int: 16    God:
Gold:   74         SH:  0    Dex: 11    Spells: 0/9 levels left

rFire    . . .     SeeInvis .   r - +2 short sword (freeze)
rCold    . . .     Gourm    .   (no shield)
rNeg     . . .     Faith    .   (armour unavailable)
rPois    .         Spirit   .   (helmet restricted)
rElec    .         Reflect  .   (no cloak)
rCorr    .         Harm     .   g - +0 pair of gloves (curse)
MR       .....                  (no boots)
Stlth    ++........             (no amulet)
Regen    0.2/turn               (no ring)
MPRegen  0.2/turn               (no ring)

@: no status effects
A: unfitting armour, cold-blooded, AC +5
a: no special abilities


You were on level 3 of the Dungeon.
You were not hungry.

You visited 1 branch of the dungeon, and saw 3 of its levels.

You collected 74 gold pieces.

Inventory:

Hand Weapons
 l - a +3 dagger
 r - a +2 short sword of freezing (weapon)
Armour
 g - a cursed +0 pair of gloves (worn)
Jewellery
 n - a +3 amulet of reflection {unknown}
 o - an uncursed amulet of regeneration {unknown}
 p - an uncursed amulet of magic regeneration {unknown}
Scrolls
 e - a scroll of fog {unknown}
 h - 2 scrolls of teleportation {unknown}
 j - 3 scrolls of identify {unknown}
 q - a scroll of enchant armour {unknown}
Potions
 i - a potion of curing {unknown}
 k - a potion of flight {unknown}
 m - a potion of degeneration {unknown}
Books
 a - a book of Flames

   Spells                             Type                      Level
   a - Flame Tongue                   Conjuration/Fire             1
   b - Throw Flame                    Conjuration/Fire             2
   c - Conjure Flame                  Conjuration/Fire             3
   d - Inner Flame                    Hexes/Fire                   3
   e - Sticky Flame                   Conjuration/Fire             4
   f - Fireball                       Conjuration/Fire             5
Comestibles
 b - 2 bread rations
 c - 6 chunks of flesh
 d - a royal jelly
 f - 2 meat rations


   Skills:
 + Level 1.8 Short Blades
 - Level 1.7 Dodging
 - Level 1.7 Stealth
 * Level 3.2 Spellcasting
 - Level 1.0 Conjurations
 + Level 4.4 Fire Magic


You couldn't memorise any spells.
You knew the following spells:

 Your Spells              Type           Power        Failure   Level  Hunger
a - Flame Tongue          Conj/Fire      ##...        6%          1    None
b - Throw Flame           Conj/Fire      ##....       9%          2    ##.....
c - Conjure Flame         Conj/Fire      ##......     19%         3    ###....
d - Inner Flame           Hex/Fire       #.......     22%         3    ###....


Dungeon Overview and Level Annotations

Branches:
Dungeon (3/15)

Altars:
Hepliaklqana
Sif Muna


Innate Abilities, Weirdness & Mutations

Your plain brown scales are hard. (AC +5)
You cannot fit into any form of body armour.
You are cold-blooded and may be slowed by cold attacks.


Message History

The gnoll is moderately wounded.
The gnoll hits you with a whip. The gnoll hits you with a spear.
The gnoll completely misses you.
You hit the gnoll. You freeze the gnoll.
The gnoll is severely wounded.
The gnoll hits you with a whip. The gnoll closely misses you.
The gnoll misses you.
You barely miss the gnoll. You tail-slap the gnoll.
The gnoll is almost dead.
The gnoll completely misses you. The gnoll closely misses you.
You barely miss the gnoll. The gnoll misses you. The gnoll barely misses you.
The gnoll closely misses you.
You barely miss the gnoll. You tail-slap the gnoll.
You kill the gnoll!
The gnoll hits you with a flail. The gnoll hits you with a spear.
You completely miss the gnoll. The gnoll hits you with a spear.
* * * LOW HITPOINT WARNING * * *
The gnoll misses you.
You barely miss the gnoll. The gnoll hits you with a spear!
You die...

######## #### .#
#...[... ...##.#
#.###### ##...#.# #.
# #......# #. #
#...... #. # #.....
#.###### #.g)# .#
#.)..((. ###@# =##
#..##.##
#.g.###..####..##.##
#.).##..............
##.###.#.####..##.##
♣♣###.# #.#.#
#..##.##
♣♣.....###.#.#
#.......
♣.....[....#.#
#####...
♣.............# #...
.♣....#.#####.# #.#.


You could see 2 gnolls.

Vanquished Creatures
  Jessica (D:2)
  A gnoll (D:3)
  3 adders (D:2)
  2 dart slugs
  A leopard gecko (D:1)
  3 orcs (D:2)
  A ball python (D:3)
  3 giant cockroaches (D:1)
  9 hobgoblins
  7 kobolds
  2 quokkas (D:2)
  5 bats
  4 frilled lizards
  10 goblins
  15 rats
67 creatures vanquished.

Notes
Turn   | Place    | Note
-------+----------+-------------------------------------------
     0 | D:1      | tilp the Draconian Fire Elementalist began the quest for the Orb.
     0 | D:1      | Reached XP level 1. HP: 14/14 MP: 3/3
   175 | D:1      | Reached XP level 2. HP: 1/20 MP: 1/5
   694 | D:1      | Learned a level 2 spell: Throw Flame
  1046 | D:1      | Reached XP level 3. HP: 13/26 MP: 6/6
  1407 | D:2      | Learned a level 3 spell: Conjure Flame
  1544 | D:2      | Noticed Jessica
  1585 | D:2      | Reached skill level 4 in Fire Magic
  1607 | D:2      | Killed Jessica
  1607 | D:2      | Reached skill level 1 in Short Blades
  1607 | D:2      | Reached XP level 4. HP: 10/33 MP: 1/8
  1871 | D:2      | Found a hazy altar of Hepliaklqana.
  2430 | D:3      | Found a deep blue altar of Sif Muna.
  2486 | D:3      | Learned a level 3 spell: Inner Flame
  2565 | D:3      | Slain by a gnoll

Vault maps used:
D:1:      dpeg_arrival_tiny_f
D:2:      lemuel_doored_altar, guppyfry_early_orc_mine, uniq_jessica
D:3:      overflow_temple_1_default, lemuel_coloured_pillars_altar,
          corexii_leaking_fountain, uniq_crazy_yiuf_cottage

Skill      XL: |  1  2  3 |
---------------+----------+-----
Fire Magic     | 4 |  4.4
Short Blades   | 1 |  1.8
Spellcasting   | 3 |  3.2
Dodging        | |  1.7
Stealth        | |  1.7
Conjurations   | |  1.0

Action                   |  1- 3 |  4- 6 || total
-------------------------+-------+-------++-------
Melee: Club              |    41 |       ||    41
       Tailslap          |     9 |     4 ||    13
       Unarmed           |     1 |       ||     1
       Short sword       |    96 |    11 ||   107
       Dagger            |       |    55 ||    55
 Cast: Flame Tongue      |     8 |     2 ||    10
       Throw Flame       |     6 |     8 ||    14
 Stab: Sleeping          |     4 |     1 ||     5
  Eat: Chunk             |     2 |     4 ||     6
Armor: Skin              |    49 |    14 ||    63
Dodge: Dodged            |   101 |    48 ||   149
